[Event "Titled Tuesday Blitz April 19 Late 2022"]
[White "Rosenberg, Evan S"]
[Black "Derraugh, Geordie"]
[WhiteFideId "2019299"]
[BlackFideId "2603950"]
[WhiteElo "2365"]
[BlackElo "2116"]
[Result "0-1"]
[Round "07"]
[TimeControl "180+1"]
[Date "2022.04.19"]
[WhiteClock "0:00:02"]
[BlackClock "0:00:20"]

1. d4 Nf6 2. Nf3 g6 3. Nc3 d5 4. Bf4 Bg7 5. Nb5 Na6 6. h3 O-O 7. e3 Ne4 8. Bd3 c6 9. Nc3 Qa5 10. Bxe4 dxe4 11. Nd2 c5 12. Nb3 Qb4 13. O-O cxd4 14. exd4 Rd8 15. Qe2 f5 16. Be5 Be6 17. Bxg7 Kxg7 18. Qe3 Nc7 19. Nc5 Bf7 20. Qg5 Qxd4 21. Qxe7 Qd6 22. Qxd6 Rxd6 23. Nxb7 Rb6 24. Nc5 Rxb2 25. Rfc1 Rc8 26. Nb3 Ne8 27. Na4 Rbxc2 28. Rxc2 Rxc2 29. Nd4 Rxa2 30. Rxa2 Bxa2 31. Nc3 Bc4 32. Nc6 a6 33. Ne5 Be6 34. Kf1 Kf6 35. Nc6 Bc4+ 36. Ke1 Nd6 37. Kd2 Bf1 38. Nd5+ Ke6 39. Ne3 Bb5 40. Nd4+ Ke5 41. Nxb5 axb5 42. g3 h5 43. Ke2 Nc4 44. Nc2 g5 45. f3 exf3+ 46. Kxf3 Nb6 47. g4 fxg4+ 48. hxg4 h4 49. Ne3 Nd5 50. Nf1 b4 51. Nd2 Kd4 52. Ne4 b3 53. Nd2 Kc3 54. Nxb3 Kxb3 55. Ke4 Nf6+ 56. Kf5 h3 57. Kxf6 h2 58. Kxg5 h1=Q 59. Kg6 Qf3 60. g5 Qf4 61. Kh5 Qf7+ 62. Kh6 Qg8 63. g6 Kc4 64. g7 Kd5 65. Kg6 Ke6 66. Kh6 Kf7 67. Kg5 Qxg7+ 68. Kf5 Qf6+ 69. Ke4 Qg5 0-1


[Site "https://www.chess.com"]

[Event "Titled Tuesday Blitz April 19 Late 2022"]
[White "Saldano Dayer, Horacio"]
[Black "Barrientos, Sergio E"]
[WhiteFideId "103411"]
[BlackFideId "4401824"]
[WhiteElo "2419"]
[BlackElo "2397"]
[Result "0-1"]
[Round "07"]
[TimeControl "180+1"]
[Date "2022.04.19"]
[WhiteClock "0:00:02"]
[BlackClock "0:00:23"]

1. b3 d5 2. Bb2 Bg4 3. g3 Nd7 4. Bg2 c6 5. Nf3 Ngf6 6. d3 e6 7. Nbd2 Bc5 8. h3 Bh5 9. O-O O-O 10. e4 a5 11. a3 dxe4 12. dxe4 Bxf3 13. Qxf3 Qc7 14. Nc4 b5 15. Ne3 Ne5 16. Qe2 a4 17. b4 Bb6 18. Bc3 Rad8 19. Kh1 Bd4 20. Bxd4 Rxd4 21. f4 Nc4 22. e5 Nd5 23. Nxc4 Rxc4 24. f5 Rc3 25. fxe6 Rxg3 26. exf7+ Rxf7 27. e6 Re7 28. Qf2 Nf6 29. Rae1 h6 30. Qf5 Rg5 31. Qf3 Rd5 32. Qe3 Rd6 33. Rxf6 gxf6 34. Qxh6 Rdxe6 35. Rg1 Rg7 36. Qh5 Qe5 37. Qf3 Qe2 38. Qf5 Qe5 39. Qf3 Qg3 0-1


[Site "https://www.chess.com"]

[Event "Titled Tuesday Blitz April 19 Late 2022"]
[White "Sanal, Vahap"]
[Black "Sowa, Ryan"]
[WhiteFideId "6300545"]
[BlackFideId "30901693"]
[WhiteElo "2603"]
[BlackElo "2631"]
[Result "1-0"]
[Round "07"]
[TimeControl "180+1"]
[Date "2022.04.19"]
[WhiteClock "0:01:53"]
[BlackClock "0:00:31"]

1. e4 e5 2. Nf3 Nc6 3. Bb5 Nf6 4. d3 Bc5 5. Nc3 d6 6. Be3 Bb6 7. h3 O-O 8. Bxc6 bxc6 9. O-O h6 10. Nh2 d5 11. Bxb6 axb6 12. Qf3 Be6 13. Qg3 Qd6 14. a3 Nh5 15. Qf3 Nf4 16. h4 d4 17. Ne2 Nxe2+ 18. Qxe2 c5 19. g4 b5 20. Kg2 f6 21. Rh1 c4 22. Nf1 Kf7 23. Ng3 Rh8 24. Qf3 Qd7 25. Nf5 g6 26. Rag1 gxf5 27. gxf5 Bxf5 28. exf5 Rag8+ 29. Kf1 Ke7 30. Rg6 Rf8 31. Rg7+ Rf7 32. Rhg1 Rf8 33. R7g6 Rh8 34. Qe4 c6 35. f4 Qd5 36. fxe5 Qxe4 37. dxe4 fxe5 38. Re6+ Kd7 39. Rgg6 Rd8 40. Rd6+ Ke8 41. Rge6+ Re7 42. Rxc6 d3 43. cxd3 cxd3 44. Ke1 Rd4 45. Rxe7+ Kxe7 46. Re6+ Kd7 47. Rxe5 Kd6 48. Rd5+ Rxd5 49. exd5 Kxd5 50. b3 Ke5 51. a4 bxa4 52. bxa4 Kxf5 53. a5 Ke6 54. a6 Kd6 55. a7 Ke6 56. Kd2 Ke5 57. Kxd3 Ke6 58. a8=Q Kf5 59. Qe4+ Kf6 60. Qg2 Kf5 61. Ke3 Ke5 62. Qe4+ Kd6 63. Qf5 h5 64. Kd4 Kc6 65. Qe6+ Kc7 66. Kc5 Kb7 67. Qd7+ Ka8 68. Kb6 Kb8 69. Qe8# 1-0


[Site "https://www.chess.com"]

[Event "Titled Tuesday Blitz April 19 Late 2022"]
[White "Saraci, Nderim"]
[Black "Janaszak, Dawid"]
[WhiteFideId "6351921"]
[BlackFideId "1119206"]
[WhiteElo "2553"]
[BlackElo "2199"]
[Result "0-1"]
[Round "07"]
[TimeControl "180+1"]
[Date "2022.04.19"]
[WhiteClock "0:00:34"]
[BlackClock "0:01:34"]

1. b3 Nf6 2. Bb2 g6 3. e3 Bg7 4. d4 O-O 5. Nf3 b6 6. Be2 Bb7 7. O-O d6 8. c4 Nbd7 9. Nc3 e5 10. dxe5 Nxe5 11. Rc1 Qe7 12. Nd4 Rad8 13. Re1 h5 14. f4 Neg4 15. Bf3 c5 16. Nc2 Ne4 17. Na3 Qh4 18. Bxg4 Qf2+ 19. Kh1 Ng3+ 0-1


[Site "https://www.chess.com"]

[Event "Titled Tuesday Blitz April 19 Late 2022"]
[White "Sarana, Alexey"]
[Black "Andreikin, Dmitry"]
[WhiteFideId "24133795"]
[BlackFideId "4158814"]
[WhiteElo "2666"]
[BlackElo "2736"]
[Result "0-1"]
[Round "07"]
[TimeControl "180+1"]
[Date "2022.04.19"]
[WhiteClock "0:00:04"]
[BlackClock "0:00:10"]

1. d4 d5 2. c4 dxc4 3. e4 b5 4. a4 c6 5. axb5 cxb5 6. Nc3 Qb6 7. Be2 e6 8. Nh3 Bb4 9. Be3 a5 10. O-O Nf6 11. d5 Bc5 12. Bxc5 Qxc5 13. e5 Nxd5 14. Ne4 Qb6 15. Nd6+ Ke7 16. Bf3 Nc6 17. Bxd5 exd5 18. Nf4 Qd4 19. Nxd5+ Kf8 20. Qxd4 Nxd4 21. Nb6 Ra6 22. Nbxc8 g6 23. Rfd1 Nb3 24. Ra3 Kg7 25. f4 b4 26. Ra4 Nc5 27. Raa1 Nd3 28. Rd2 Nxf4 29. Ne7 c3 30. bxc3 bxc3 31. Rf2 g5 32. h4 h6 33. Nef5+ Kg6 34. g4 Nh3+ 35. Kg2 Nxf2 36. h5+ Kh7 37. Kxf2 Rb8 38. Ke2 c2 39. Rc1 Rb2 40. Kd2 a4 41. Nc4 a3 42. Nfe3 Rb1 43. Nxc2 a2 44. Na1 Ra4 45. Ne3 Re4 46. Nac2 Rxc1 47. Kxc1 Rxe3 48. Nxe3 a1=Q+ 49. Kd2 Qxe5 0-1


[Site "https://www.chess.com"]

[Event "Titled Tuesday Blitz April 19 Late 2022"]
[White "Sarkar, Justin"]
[Black "Skliarov, Viktor"]
[WhiteFideId "2010011"]
[BlackFideId "14106736"]
[WhiteElo "2038"]
[BlackElo "2229"]
[Result "0-1"]
[Round "07"]
[TimeControl "180+1"]
[Date "2022.04.19"]
[WhiteClock "0:00:01"]
[BlackClock "0:00:27"]

1. d4 Nf6 2. c4 e6 3. Nf3 b6 4. g3 Bb7 5. Bg2 Be7 6. O-O O-O 7. Nc3 Ne4 8. Bd2 Nxd2 9. Qxd2 f5 10. Ne1 Bxg2 11. Nxg2 Bg5 12. f4 Bf6 13. e4 fxe4 14. Nxe4 Nc6 15. Nxf6+ Qxf6 16. d5 Qd4+ 17. Qxd4 Nxd4 18. Rad1 Nf5 19. dxe6 dxe6 20. Rd7 Rf7 21. Rfd1 Nd6 22. Rxf7 Kxf7 23. Ne3 h5 24. Kg2 Re8 25. Kf3 g6 26. c5 bxc5 27. Rc1 Rb8 28. b3 Rb5 29. Nc4 Nxc4 30. Rxc4 Ra5 31. a4 Ke7 32. Ke4 Kd6 33. Rc3 Ra6 34. Rd3+ Ke7 35. Rc3 Rc6 36. Ke5 a5 37. h3 Kf7 38. g4 hxg4 39. hxg4 Ke7 40. Rh3 c4 41. Rh7+ Kf8 42. bxc4 Rxc4 43. Kxe6 Rxf4 44. Rxc7 Rxg4 45. Kf6 Ke8 46. Rc5 Rxa4 47. Kxg6 Kd7 48. Kf5 Kd6 49. Rc1 Rb4 50. Rc8 a4 51. Ra8 Kd5 52. Rd8+ Kc4 53. Ke4 Kc3+ 54. Ke3 a3 55. Ra8 Rb3 56. Ke2 Kc2 57. Rc8+ Kb2 58. Kd2 a2 59. Rc2+ Ka3 0-1


[Site "https://www.chess.com"]

[Event "Titled Tuesday Blitz April 19 Late 2022"]
[White "Sliwicki, Damian"]
[Black "Iskusnyh, Sergei"]
[WhiteFideId "1127128"]
[BlackFideId "4120027"]
[WhiteElo "2084"]
[BlackElo "2492"]
[Result "1/2-1/2"]
[Round "07"]
[TimeControl "180+1"]
[Date "2022.04.19"]
[WhiteClock "0:00:11"]
[BlackClock "0:00:10"]

1. e4 e6 2. d4 d5 3. Nc3 Nf6 4. Bg5 dxe4 5. Nxe4 Nbd7 6. Qd3 h6 7. Bxf6 Nxf6 8. O-O-O Nxe4 9. Qxe4 Qd5 10. Qxd5 exd5 11. Nf3 Bd6 12. Re1+ Be6 13. Bd3 O-O-O 14. Ne5 Rhe8 15. Re2 f6 16. Nf3 Bg4 17. Rhe1 Rxe2 18. Bxe2 Re8 19. Kd1 c6 20. h3 Bf5 21. Nh4 Bh7 22. Bg4+ Kd8 23. Rxe8+ Kxe8 24. Bf5 Bg8 25. Bg6+ Kd8 26. Nf5 Bf8 27. h4 Be6 28. h5 b6 29. c3 c5 30. Ke2 Kc7 31. Ke3 a5 32. f4 a4 33. a3 Kc6 34. Be8+ Kc7 35. Bg6 Bd7 36. g3 Kc6 37. Kd3 Kb5 38. Ne3 Bh3 39. Nxd5 Bf1+ 40. Kc2 cxd4 41. cxd4 Bc4 42. Be8+ Ka5 43. Ne3 Be2 44. Kc3 b5 45. Bg6 b4+ 46. axb4+ Bxb4+ 47. Kc2 Ba6 48. Bd3 Bc8 49. Nc4+ Ka6 50. Nd6+ Kb6 51. Nxc8+ Kc7 52. Ne7 Bxe7 53. Bb5 a3 54. bxa3 Bxa3 55. Kd3 Kd6 56. Ke4 Bb2 57. Bc4 Bc3 58. Kf5 Bxd4 59. Kg6 f5 60. Kxf5 Ke7 61. Kg6 Kf8 62. g4 Be3 63. Kf5 Bd2 64. g5 Bc1 65. Bd5 Bd2 66. Kg6 Bxf4 67. gxh6 Bxh6 68. Kh7 Ke7 69. Kg6 Kd6 70. Bb3 Ke5 71. Ba2 Kf4 72. Bg8 Ke5 73. Bf7 Kd6 74. Bg8 Ke5 75. Bf7 Kd6 76. Bg8 Ke5 1/2-1/2


[Site "https://www.chess.com"]

[Event "Titled Tuesday Blitz April 19 Late 2022"]
[White "Tanenbaum, Zachary"]
[Black "Rosen, Eric"]
[WhiteFideId "2060850"]
[BlackFideId "2032562"]
[WhiteElo "2168"]
[BlackElo "2362"]
[Result "1-0"]
[Round "07"]
[TimeControl "180+1"]
[Date "2022.04.19"]
[WhiteClock "0:01:19"]
[BlackClock "0:00:01"]

1. e4 c5 2. Nf3 Nc6 3. Nc3 e6 4. d4 cxd4 5. Nxd4 Qc7 6. g3 Nf6 7. Ndb5 Qb8 8. Bf4 Ne5 9. Be2 a6 10. Qd4 d6 11. O-O-O axb5 12. Bxe5 b4 13. Nb5 Bd7 14. Bxd6 Bxd6 15. Nxd6+ Ke7 16. Qxb4 Nd5 17. Nf5+ Kf6 18. exd5 Kxf5 19. Bd3+ Kf6 20. Qh4+ g5 21. Qh6+ Ke7 22. Qxg5+ Kf8 23. Qf6 Rg8 24. Bc4 Qd8 25. Qxd8+ Rxd8 26. dxe6 fxe6 27. Bxe6 Rg7 28. Rd6 Re7 29. Rhd1 Bxe6 30. Rxd8+ Kf7 31. b3 h5 32. Re1 Rc7 33. Rh8 Bf5 34. Re2 Kg7 35. Rhe8 Rc6 36. R8e7+ Kf6 37. Rxb7 h4 38. gxh4 Kg6 39. a4 Ra6 40. Kb2 Bg4 41. Rd2 Bf3 42. Rbd7 Kf5 43. Rf7+ Ke4 44. Rd3 Bd1 45. Rxd1 Rc6 46. Re1+ Kd4 47. Rd7+ Kc5 48. Re5+ Kb6 49. Red5 Ka6 50. R5d6 Ka5 51. Rxc6 Kb4 52. c3+ Ka5 53. Rd5# 1-0


[Site "https://www.chess.com"]

[Event "Titled Tuesday Blitz April 19 Late 2022"]
[White "Tregubov, Pavel V."]
[Black "Nathan, Nitish"]
[WhiteFideId "4115341"]
[BlackFideId "30927870"]
[WhiteElo "2341"]
[BlackElo "2306"]
[Result "1-0"]
[Round "07"]
[TimeControl "180+1"]
[Date "2022.04.19"]
[WhiteClock "0:00:56"]
[BlackClock "0:01:13"]

1. e4 c5 2. Nf3 Nc6 3. c3 Nf6 4. e5 Nd5 5. d4 cxd4 6. cxd4 d6 7. Bc4 Nb6 8. Bb5 Bd7 9. exd6 exd6 10. O-O Be7 11. Nc3 O-O 12. d5 Nb8 13. Bd3 Na6 14. Bb1 Nc7 15. Qd3 g6 16. Bh6 Re8 17. a4 Bf5 18. Qd1 Bxb1 19. Rxb1 Bf6 20. a5 Nc4 21. Qa4 Ne5 22. Nxe5 Bxe5 23. Rbd1 Qf6 24. g3 g5 25. Bxg5 Qxg5 26. f4 Qh6 27. fxe5 Rxe5 28. Qd7 Rf8 29. Qxc7 Rh5 30. Rf2 Qe3 31. Qxd6 Rf5 32. Rf1 Re8 33. Kg2 Rh5 34. Rxf7 Qh6 35. Qxh6 Rxh6 36. Rxb7 Rc8 37. Rxa7 Rb8 38. Rf2 Rg6 39. a6 h6 40. Rb7 Ra8 41. a7 Ra6 42. Rff7 Ra2 1-0


[Site "https://www.chess.com"]

[Event "Titled Tuesday Blitz April 19 Late 2022"]
[White "Tristan, Leonardo"]
[Black "Kanyamarala, Trisha"]
[WhiteFideId "113816"]
[BlackFideId "45004722"]
[WhiteElo "2404"]
[BlackElo "2079"]
[Result "1-0"]
[Round "07"]
[TimeControl "180+1"]
[Date "2022.04.19"]
[WhiteClock "0:01:21"]
[BlackClock "0:00:11"]

1. d4 Nf6 2. Nf3 d5 3. Bf4 e6 4. e3 c5 5. Nbd2 Nc6 6. c3 Bd6 7. Bg3 O-O 8. Bd3 Qe7 9. Ne5 Bxe5 10. dxe5 Nd7 11. Nf3 f6 12. exf6 Nxf6 13. Ne5 Nxe5 14. Bxe5 Nd7 15. Bg3 e5 16. e4 d4 17. O-O Nb6 18. cxd4 exd4 19. Rc1 Be6 20. b3 Rac8 21. Qh5 Nd7 22. f4 a6 23. e5 g6 24. Qe2 b5 25. h4 Nb6 26. h5 c4 27. bxc4 bxc4 28. Be4 Bf5 29. hxg6 hxg6 30. Rb1 Qc5 31. Bf2 c3 32. Rfc1 Nc4 33. Rxc3 Bxe4 34. Qxe4 Rc6 35. Bxd4 Qa5 36. Qxc6 1-0


[Site "https://www.chess.com"]

[Event "Titled Tuesday Blitz April 19 Late 2022"]
[White "Tsukerman, Julia"]
[Black "Prohorov, Olexandr"]
[WhiteFideId "2621649"]
[BlackFideId "14105578"]
[WhiteElo "2232"]
[BlackElo "1993"]
[Result "0-1"]
[Round "07"]
[TimeControl "180+1"]
[Date "2022.04.19"]
[WhiteClock "0:00:26"]
[BlackClock "0:00:10"]

1. e4 c5 2. Nf3 e6 3. d4 cxd4 4. Nxd4 Qb6 5. Nb3 Nf6 6. Bd3 d5 7. Be3 Qc7 8. Nc3 Bb4 9. Bd2 dxe4 10. Nxe4 Bxd2+ 11. Qxd2 Nxe4 12. Bxe4 Bd7 13. O-O Bc6 14. Bd3 Nd7 15. Nd4 O-O 16. Nxc6 Qxc6 17. Qg5 Nf6 18. Rfd1 Rad8 19. b3 h6 20. Qe3 b6 21. Bc4 b5 22. Bd3 Rd7 23. a4 b4 24. Bb5 Rxd1+ 25. Rxd1 Qxc2 26. Qd3 Qxd3 27. Rxd3 Rc8 28. Kf1 a5 29. Bc4 Kf8 30. Rd6 Rc5 31. Ra6 Ne4 32. Ke2 Ke7 33. Ra7+ Kf6 34. f3 Nc3+ 35. Kd3 Rh5 36. h3 Rg5 37. g4 Nd5 38. Ke4 Re5+ 39. Kd4 Nf4 40. Bb5 Rd5+ 41. Ke4 Nxh3 42. Rxa5 Re5+ 43. Kd4 Nf4 44. Ra7 Rd5+ 45. Ke4 g5 46. Rc7 h5 47. gxh5 Nxh5 48. Rc4 Ng3+ 49. Ke3 Nf5+ 50. Ke2 Nd4+ 51. Ke3 Nxb5 52. axb5 Rxb5 53. Rd4 Kf5 54. Rc4 f6 55. Kd3 e5 56. Re4 Ke6 57. Kc4 Rb8 58. Kc5 f5 59. Rxb4 Rc8+ 60. Kb5 Rb8+ 61. Kc4 Rxb4+ 62. Kxb4 Kd5 63. Kc3 Kc5 64. Kd3 Kb5 65. Kc3 g4 66. fxg4 fxg4 67. Kd3 Kb4 68. Ke4 Kxb3 0-1


[Site "https://www.chess.com"]

[Event "Titled Tuesday Blitz April 19 Late 2022"]
[White "Urazayev, Arystanbek"]
[Black "Kanyamarala, Tarun"]
[WhiteFideId "13709810"]
[BlackFideId "45004714"]
[WhiteElo "2422"]
[BlackElo "2177"]
[Result "1-0"]
[Round "07"]
[TimeControl "180+1"]
[Date "2022.04.19"]
[WhiteClock "0:02:10"]
[BlackClock "0:01:49"]

1. d4 Nf6 2. c4 e5 3. dxe5 Ne4 4. Nf3 Nc6 5. Nbd2 f5 6. exf6 Nxf6 7. e3 b6 8. Be2 Bb7 9. O-O Bd6 10. b3 Qe7 11. Bb2 O-O-O 12. Nd4 Nxd4 13. Bxd4 h5 14. Bf3 Ng4 15. Bxb7+ Kxb7 16. h3 Nh6 17. a4 Nf5 18. Qf3+ 1-0


[Site "https://www.chess.com"]

[Event "Titled Tuesday Blitz April 19 Late 2022"]
[White "Vlassov, Nikolai"]
[Black "Jegorovas, Aleksandras"]
[WhiteFideId "4103360"]
[BlackFideId "12801950"]
[WhiteElo "2407"]
[BlackElo "2247"]
[Result "1-0"]
[Round "07"]
[TimeControl "180+1"]
[Date "2022.04.19"]
[WhiteClock "0:00:15"]
[BlackClock "0:00:16"]

1. e4 e6 2. d4 d5 3. exd5 exd5 4. Nf3 c6 5. c4 Bb4+ 6. Nc3 Ne7 7. Bd3 Be6 8. Ng5 Qd7 9. O-O dxc4 10. Nxe6 Qxe6 11. Re1 Qd7 12. Bxc4 O-O 13. Bg5 Nd5 14. Qb3 Bxc3 15. bxc3 b5 16. Bxd5 cxd5 17. Re5 f6 18. Rxd5 Qe6 19. Bd2 b4 20. Re1 Qf7 21. cxb4 Nc6 22. b5 Rab8 23. Bf4 Rb7 24. Qf3 Nb4 25. Rc5 Nxa2 26. h4 Nb4 27. h5 h6 28. Rec1 Rd7 29. Be3 Nd5 30. Rc8 Rfd8 31. Qg4 Kh7 32. Qf5+ Kg8 33. R1c5 Qe8 34. Rxd8 Qxd8 35. Qe6+ Kh7 36. Qf5+ Kg8 37. Qg6 Kh8 38. Bxh6 Ne7 39. Qxg7# 1-0


[Site "https://www.chess.com"]

[Event "Titled Tuesday Blitz April 19 Late 2022"]
[White "Vusatiuk, Vladimir"]
[Black "Janturin, Artur"]
[WhiteFideId "14118610"]
[BlackFideId "4130022"]
[WhiteElo "2157"]
[BlackElo "2378"]
[Result "0-1"]
[Round "07"]
[TimeControl "180+1"]
[Date "2022.04.19"]
[WhiteClock "0:00:05"]
[BlackClock "0:00:24"]

1. d4 e6 2. c4 b6 3. e4 Bb7 4. Nc3 Bb4 5. Qc2 Qh4 6. Bd3 f5 7. Nf3 Bxc3+ 8. bxc3 Qg4 9. Nd2 Qxg2 10. Rf1 fxe4 11. Bxe4 Bxe4 12. Qxe4 Qxe4+ 13. Nxe4 Nf6 14. Nxf6+ gxf6 15. Bf4 d6 16. c5 e5 17. Bg3 Nc6 18. cxd6 cxd6 19. O-O-O Rc8 20. dxe5 dxe5 21. f4 Ke7 22. fxe5 Nxe5 23. Bxe5 fxe5 24. Rd5 Ke6 25. Rd3 Rhf8 26. Re1 Rf2 27. Rh3 Rc7 28. Rh6+ Kd5 29. Rh5 Re7 30. Rd1+ Kc4 31. Kb1 Kxc3 32. Re1 e4 33. Rh4 e3 34. Rh6 Kd2 35. Rc1 Ke2 36. Rd6 Rf1 37. Kb2 Rxc1 38. Kxc1 Kf3 39. Rf6+ Kg2 40. Kd1 e2+ 41. Ke1 Kxh2 42. a4 Kg3 43. Rh6 Kg4 44. a5 bxa5 45. Ra6 Re5 46. Rxa7 h5 47. Rg7+ Kh3 48. Rb7 h4 49. Rb8 Kh2 50. Rh8 h3 51. Rh7 a4 52. Ra7 Re4 53. Ra8 Kh1 54. Rh8 h2 55. Rg8 Re3 56. Ra8 a3 57. Ra7 Kg2 58. Rg7+ Rg3 59. Ra7 h1=Q+ 60. Kd2 Qd1# 0-1


[Site "https://www.chess.com"]

[Event "Titled Tuesday Blitz April 19 Late 2022"]
[White "Wachinger, Guenther"]
[Black "Soysal, Serkan"]
[WhiteFideId "4604261"]
[BlackFideId "6349250"]
[WhiteElo "2212"]
[BlackElo "2440"]
[Result "0-1"]
[Round "07"]
[TimeControl "180+1"]
[Date "2022.04.19"]
[WhiteClock "0:00:53"]
[BlackClock "0:00:51"]

1. e4 e5 2. Nf3 Nc6 3. Nc3 g6 4. Bc4 Bg7 5. O-O Nge7 6. Re1 O-O 7. a4 d6 8. a5 a6 9. Nd5 Nxd5 10. exd5 Nd4 11. Nxd4 exd4 12. d3 Bd7 13. b4 Qh4 14. Bb2 Rfe8 15. Qf3 Bg4 16. Qg3 Qh5 17. h3 Bd7 18. f3 Re5 19. Qf2 Rg5 20. Kf1 Bxh3 21. Re4 Rxg2 22. Qxg2 Qxf3+ 0-1


[Site "https://www.chess.com"]

[Event "Titled Tuesday Blitz April 19 Late 2022"]
[White "Winkels, Marcel"]
[Black "Melikhov, Evgeny V."]
[WhiteFideId "1003887"]
[BlackFideId "4122046"]
[WhiteElo "1900"]
[BlackElo "1931"]
[Result "0-1"]
[Round "07"]
[TimeControl "180+1"]
[Date "2022.04.19"]
[WhiteClock "0:00:03"]
[BlackClock "0:00:24"]

1. d4 Nf6 2. Nc3 d5 3. Bf4 c5 4. e3 cxd4 5. exd4 a6 6. Nf3 Bg4 7. h3 Bxf3 8. Qxf3 Nc6 9. O-O-O e6 10. g4 Bd6 11. g5 Bxf4+ 12. Qxf4 Nh5 13. Qg4 g6 14. Bg2 Qd6 15. Qf3 Qf4+ 16. Kb1 Qxf3 17. Bxf3 Nf4 18. h4 h6 19. Ne2 Nxe2 20. Bxe2 Ke7 21. c3 h5 22. Rhe1 b5 23. Bf3 Kd6 24. a3 a5 25. Kc2 Rhc8 26. Kd3 b4 27. axb4 axb4 28. Ra1 Na5 29. cxb4 Nc6 30. b5 Nb4+ 31. Kd2 Rc2+ 32. Ke3 Rxa1 33. Rxa1 Rxb2 34. Ra7 Nc2+ 35. Kd3 Ne1+ 36. Kc3 Rxb5 37. Be2 Rb8 38. Rxf7 Ng2 39. Bd3 Nxh4 40. Rf6 Rc8+ 41. Kd2 Nf5 42. Rxg6 Nxd4 43. Rg7 Rf8 44. Ke3 Nf5+ 45. Bxf5 Rxf5 46. g6 Ke5 47. Rg8 d4+ 48. Ke2 Rg5 49. g7 Rg4 50. Rh8 Rxg7 51. Rxh5+ Kd6 52. Kd3 e5 53. f3 Kd5 54. Rf5 Ra7 55. Rh5 Ra3+ 56. Ke2 Re3+ 57. Kf2 Kc4 58. f4 e4 59. f5 Rf3+ 60. Ke2 d3+ 61. Kd2 Kd4 0-1


[Site "https://www.chess.com"]

[Event "Titled Tuesday Blitz April 19 Late 2022"]
[White "Wu, Derek"]
[Black "Kovanova, Baira"]
[WhiteFideId "30914558"]
[BlackFideId "4164083"]
[WhiteElo "2071"]
[BlackElo "2190"]
[Result "1-0"]
[Round "07"]
[TimeControl "180+1"]
[Date "2022.04.19"]
[WhiteClock "0:00:17"]
[BlackClock "0:00:01"]

1. Nf3 d5 2. d4 Nf6 3. c4 e6 4. Nc3 Nbd7 5. Bg5 h6 6. Bh4 Be7 7. e3 O-O 8. cxd5 exd5 9. Bd3 c6 10. Qc2 Re8 11. O-O-O Ne4 12. Bg3 Ndf6 13. Ne5 Qa5 14. Nxe4 dxe4 15. Bc4 Be6 16. Bxe6 fxe6 17. Kb1 Rad8 18. Nc4 Qa6 19. Be5 c5 20. dxc5 Rd5 21. Bxf6 Bxf6 22. Nd6 Rd8 23. Qxe4 Qe2 24. Qc2 Qxc2+ 25. Kxc2 Rxc5+ 26. Kb1 Rc6 27. Ne4 Rdc8 28. Rd2 Be5 29. Rhd1 R8c7 30. f4 Bf6 31. g4 Be7 32. a3 Kf7 33. h4 Rc4 34. Nd6+ Bxd6 35. Rxd6 Ke7 36. g5 hxg5 37. hxg5 Re4 38. R6d3 e5 39. f5 Rg4 40. Rd5 Rxg5 41. Rxe5+ Kf6 42. Rdd5 Rg2 43. Re6+ Kf7 44. e4 a6 45. e5 b5 46. Rxa6 1-0


[Site "https://www.chess.com"]

[Event "Titled Tuesday Blitz April 19 Late 2022"]
[White "Yoo, Christopher Woojin"]
[Black "Lopez Del Alamo, Antonio"]
[WhiteFideId "30909694"]
[BlackFideId "2227339"]
[WhiteElo "2105"]
[BlackElo "2082"]
[Result "1-0"]
[Round "07"]
[TimeControl "180+1"]
[Date "2022.04.19"]
[WhiteClock "0:00:03"]
[BlackClock "0:00:02"]

1. e4 c5 2. Nf3 e6 3. c3 Nf6 4. e5 Nd5 5. d4 d6 6. Bc4 Nc6 7. O-O cxd4 8. cxd4 Be7 9. Qe2 O-O 10. Rd1 a6 11. Bd2 b5 12. Bd3 f5 13. exf6 Bxf6 14. Nc3 Nxc3 15. bxc3 d5 16. h4 Bxh4 17. Nxh4 Qxh4 18. g3 Qf6 19. Bf4 Bd7 20. Kg2 Rae8 21. Rh1 g6 22. Bd6 Rf7 23. Rae1 e5 24. dxe5 Nxe5 25. Bxe5 Rxe5 26. Qd2 d4 27. Rxe5 Qxe5 28. Re1 dxc3 29. Qd1 Bc6+ 30. Kf1 Qd5 31. Re4 Rd7 32. Re3 Qh1+ 33. Ke2 Qxd1+ 34. Kxd1 b4 35. Kc2 Ba4+ 36. Kc1 Kg7 37. f4 a5 38. Kb1 Rc7 39. Re5 Rd7 40. Rxa5 Rxd3 41. Rxa4 Rxg3 42. Rxb4 Rf3 43. a4 h5 44. a5 c2+ 45. Kxc2 Ra3 46. Rb5 h4 47. Kb2 Ra4 48. Kb3 Ra1 49. Kb2 Ra4 50. Kb3 Rxf4 51. a6 Rf8 52. Kc4 Ra8 53. Ra5 Kh6 54. Kd4 g5 55. Ke4 Kh5 56. Kf3 Rf8+ 57. Kg2 Ra8 58. Kh3 Ra7 59. Kg2 Ra8 60. Kf3 Rf8+ 61. Ke3 h3 62. a7 1-0


[Site "https://www.chess.com"]

[Event "Titled Tuesday Blitz April 19 Late 2022"]
[White "Zlatin, Alexander"]
[Black "Jaracz, Pawel"]
[WhiteFideId "2810549"]
[BlackFideId "1102222"]
[WhiteElo "2228"]
[BlackElo "2429"]
[Result "1-0"]
[Round "07"]
[TimeControl "180+1"]
[Date "2022.04.19"]
[WhiteClock "0:00:16"]
[BlackClock "0:00:05"]

1. c4 e6 2. Nc3 Nf6 3. e4 c5 4. e5 Ng8 5. Nf3 Nc6 6. d4 cxd4 7. Nxd4 Nge7 8. Ne4 Ng6 9. Nxc6 bxc6 10. f4 c5 11. Nd6+ Bxd6 12. Qxd6 Qb6 13. b3 Qxd6 14. exd6 Bb7 15. h4 h5 16. Be3 f6 17. Kf2 Rc8 18. Bd3 Kf7 19. Rad1 Rhe8 20. Be2 Rh8 21. a3 a5 22. Rh2 Be4 23. g4 hxg4 24. h5 Nf8 25. Bxg4 Bc2 26. Rc1 Bxb3 27. Kg3 Nh7 28. a4 f5 29. Bf3 Bxa4 30. Ra2 Bc6 31. Rxa5 Nf6 32. Rxc5 Nxh5+ 33. Kf2 Bxf3 34. Rxc8 Rxc8 35. Kxf3 Nf6 36. c5 Ne4 37. Ra1 Nf6 38. Bd4 Nd5 39. Ra7 Ke8 40. Ra1 Nb4 41. Rg1 Ra8 42. Rxg7 Ra3+ 43. Kg2 Nc6 44. Bf6 Ra7 45. Rg3 Kf7 46. Bc3 Ra1 47. Rg7+ Kf8 48. Bxa1 1-0


[Site "https://www.chess.com"]

[Event "Titled Tuesday Blitz April 19 Late 2022"]
[White "Zong, Davis"]
[Black "Karttunen, Mika"]
[WhiteFideId "30903955"]
[BlackFideId "502081"]
[WhiteElo "2061"]
[BlackElo "2343"]
[Result "0-1"]
[Round "07"]
[TimeControl "180+1"]
[Date "2022.04.19"]
[WhiteClock "0:00:01"]
[BlackClock "0:00:11"]

1. e4 c6 2. d4 d5 3. exd5 cxd5 4. Bd3 Nc6 5. c3 g6 6. Nf3 Bf5 7. Bxf5 gxf5 8. O-O Nf6 9. Bf4 e6 10. Qb3 Qb6 11. Na3 Ne4 12. Nb5 Rc8 13. Nc7+ Kd7 14. Nb5 a6 15. Na3 Qxb3 16. axb3 f6 17. b4 Nd8 18. Ne1 Nf7 19. f3 Ned6 20. Nd3 b6 21. Nc2 Ra8 22. Ra2 Nb7 23. Rfa1 a5 24. bxa5 Rxa5 25. b4 Rxa2 26. Rxa2 Bd6 27. Ra7 Kc7 28. b5 e5 29. Bd2 Kb8 30. Ra1 Rc8 31. Ncb4 Bxb4 32. Nxb4 Na5 33. Kf2 Rd8 34. Ke2 Kb7 35. Kd3 Rd7 36. h3 Nd6 37. dxe5 fxe5 38. Nxd5 Nxb5 39. c4 Nb3 40. Ra2 Nc7 0-1


[Site "https://www.chess.com"]

[Event "Titled Tuesday Blitz April 19 Late 2022"]
[White "Zor, Alber Kadir"]
[Black "Romanchuk, Viktor"]
[WhiteFideId "6353169"]
[BlackFideId "14109271"]
[WhiteElo "1966"]
[BlackElo "2242"]
[Result "1/2-1/2"]
[Round "07"]
[TimeControl "180+1"]
[Date "2022.04.19"]
[WhiteClock "0:01:00"]
[BlackClock "0:00:15"]

1. d4 d5 2. c4 c6 3. Nc3 Nf6 4. e3 e6 5. Nf3 Nbd7 6. Qc2 Bd6 7. Bd3 O-O 8. O-O dxc4 9. Bxc4 e5 10. e4 exd4 11. Nxd4 Nb6 12. Qd3 Bxh2+ 13. Kxh2 Ng4+ 14. Kg1 Ne5 15. Qg3 Nbxc4 16. Rd1 Qf6 17. b3 Nb6 18. f4 Ng6 19. f5 Qh4 20. Qxh4 Nxh4 21. Bg5 c5 22. Ndb5 Nxf5 23. exf5 Bxf5 24. Nc7 Rac8 25. N3d5 Nxd5 26. Nxd5 Bg4 27. Ne7+ Kh8 28. Nxc8 Bxd1 29. Nxa7 Bg4 30. Be7 Re8 31. Bxc5 Re2 32. a4 Be6 33. Rd1 h5 34. b4 Bf5 35. Nb5 Be4 36. Nd6 Rxg2+ 37. Kf1 Bf3 38. Rd3 Be2+ 39. Kxg2 Bxd3 40. Nxf7+ Kh7 41. Nd6 Bc2 42. a5 Ba4 43. b5 g5 44. a6 bxa6 45. bxa6 Kg6 46. Nc4 Kf5 47. Nb6 Bc6+ 48. Kg3 h4+ 49. Kh3 Kf4 50. a7 Kf3 51. a8=Q Bxa8 52. Nxa8 Ke4 53. Be7 Kd5 54. Bxg5 Kc6 55. Bxh4 Kb7 1/2-1/2


[Site "https://www.chess.com"]